Description

A game n33bl3t (his twitch account name) played yesterday against a GM terran (Heromarine?) on stream on Frost, cross-spawns.

Game Starts at 3:31:25

Neeb focuses on defending with blink stalkers early, eventually expanding to 4 bases and getting both high templars and colossi.

This build assumes continuous probe production for most of the game so those are not written. (also, some units/pylons are missing from the end of the build order, as I was focusing on describing tech and expand times)

VOD

https://www.twitch.tv/n33bl3t/v/95509331?t=3h31m25s

Build Order

Get SALT Encoding   

  14  0:17  Pylon  front of gas
  16  0:36  Gateway  
  16  0:40  Assimilator  
  19  1:17  Nexus  
  20  1:30  Cybernetics Core  
  21  1:38  Assimilator  
  22  1:48  Pylon  on side of main to spot for drops/reaper
  23  2:06  Warp Gate, Mothership Core (Chrono Boost)  
  25  2:16  Stalker  
  30  2:36  Robotics Facility  
  35  2:47  Stalker  
  37  3:06  Twilight Council  
  40  3:17  Pylon  back of other gas
  41  3:23  Observer (Chrono Boost)  
  43  3:30  Gateway  
  44  3:34  Gateway  
  46  3:42  Assimilator  
  46  3:45  Blink (Chrono Boost)  
  49  4:00  Observer  
  49  4:01  Pylon  front of natural
  51  4:12  Stalker  warpgate done, first warpin
  53  4:15  Pylon  back of minerals in main
  55  4:20  Observer  4:30 widowmine drop comes in, gets 2 probes
  54  4:34  Stalker x2  
  59  4:49  Pylon, Nexus  third base, next to third nexus
  61  4:58  Stalker  
  63  5:02  Assimilator  
  64  5:10  Pylon  behind minerals at natural
  65  5:12  Stalker x2  
  69  5:14  Observer  
  72  5:44  Stalker x2  
  77  5:53  Forge  
  77  5:54  Pylon  
  81  6:08  Sentry x2  
  85  6:09  Stalker  
  100  6:40  Resonating Glaives, Protoss Ground Weapons Level 1  
  100  6:42  Immortal  
  106  6:52  Gateway x2  
  105  7:00  Gateway x2  
  105  7:05  Gateway  
  105  7:06  Pylon  
  105  7:08  Assimilator x2  
  108  7:25  Pylon x3  
  112  7:40  Templar Archives  
  114  7:58  Adept x6  
  130  8:00  Nexus  4th
  133  8:25  Psionic Storm (Chrono Boost)  
  133  8:28  High Templar x3  
Spawning Tool Build Advisor. Get it on Overwolf

Analysis

The game starts defensively for neeb. After shooing the reaper with one stalkers, killing it with the help of the second one and defending the widowmine drop with only 2 probes lost, neeb gets a third and trades well with unupgraded marines (widowmine drop delays the terran from getting stim and combat shields). Liberators harassing mineral lines are defended against with a somewhat long lost mining time, and the armies continue to engage and disengage for a while, terran also trying, unsuccessfully, to deny the third. After the written build that stops when the 4th is taken, Neeb proceeds to also get robo bay, a second robo facility and colossi. He then continues defending and trading with the terran, finally pushing with a mix of gateway units, a few colossi, archons and immortals, and a bunch of high templars. Stalkers blink to snipe liberators, high templars feedback ghosts and storm the bio while the colossi deal damage uncontested (the terran did not get vikings, as he was probably focused on countering the high templars, which were the first splash tech, with ghosts). Neeb proceeds to kill the forth base, a planetary fortress after two storms kill all repairing SCVs, and another one destroys the small remaining terran force and gg is called.

Go to:

Details

  • Created by: dude215p
  • Published on: Oct 18, 2016
  • Modified on: Oct 18, 2016
  • Patch: Pre-3.8.0
Show
View Real Time Build Order
Export as new Build Order

Comments (3)

On Jan. 12, 2017, 8:02 p.m., Sisyphus  said:

Well if someone does produce a replay it would be much appreciated.

On Oct. 21, 2016, 8:18 p.m., dude215p  said:

I don't have the replay, I just reproduced this from the vod.

On Oct. 21, 2016, 2:12 a.m., ColèreCachée  said:

can i have replay

Create an account to comment!